 Dungeon Sprint DCSS version 0.14-a0-586-g2535b90 (webtiles) character file.

131483 MDvedh the Impregnable (level 15, -24/151 HPs)
             Began as a Minotaur Death Knight on Nov 3, 2013.
             Was the Champion of Yredelemnul.
             Killed from afar by Nikola (28 damage)
             ... with a chain lightning
             ... in the Dungeon (Sprint IX: "|||||||||||||||||||||||||||||") on Nov 4, 2013.
             The game lasted 00:24:01 (7890 turns).

MDvedh the Impregnable (Minotaur Death Knight)      Turns: 7890, Time: 00:24:01

HP -24/151       AC 21     Str 24      XL: 15   Next: 40%
MP  23/34        EV 13     Int  7 (8)  God: Yredelemnul [******]
Gold 321         SH  0     Dex 10      Spells:  0 memorised, 14 levels left

Res.Fire  : . . .   See Invis. : +   M - +13 sword of the Doom Knight {pain, -Cast MR+}
Res.Cold  : . . .   Warding    : .   G - +6 leather armour "Qiyvvi" {MR++ SInv Stlth++}
Life Prot.: . . .   Conserve   : .   (no shield)
Res.Poison: .       Res.Corr.  : .   N - +1 wizard hat
Res.Elec. : .       Clarity    : +   O - +1 cloak {darkness}
Sust.Abil.: . .     Spirit.Shd : .   y - +0 pair of gloves
Res.Mut.  : .       Prev.Telep.: +   h - +0 pair of boots
Res.Rott. : .       Flight     : .   c - amulet of clarity
Saprovore : . . .                    o - +2 ring of evasion
                                     b - +5,+3 ring of slaying

@: wreathed by umbra, extremely resistant to hostile enchantments, very stealthy
A: retaliatory headbutt, horns 2
a: Animate Dead, Recall Undead Slaves, Injury Mirror, Drain Life, Enslave Soul,
Renounce Religion, Evoke Invisibility
}: 3/15 runes: decaying, barnacled, gossamer


You were in the Dungeon.
You worshipped Yredelemnul.
Yredelemnul was exalted by your worship.
You were not hungry.

You visited 1 branch You collected 1757 gold pieces.
You spent 1436 gold pieces at shops.

Inventory:

Hand weapons
 a - a +1,+1 mace
 f - a +0,+1 orcish morningstar
 F - a +3,+2 dire flail
 M - the +13,+13 sword of the Doom Knight (weapon) {pain, -Cast MR+}
   (You found it in the Dungeon)

   In the hands of one skilled in necromantic magic, it inflicts extra damage on
   living creatures.
   It affects your resistance to hostile enchantments.
   It prevents spellcasting.
Armour
 h - a +0 pair of boots (worn)
 y - a +0 pair of gloves (worn)
 A - a +0 cloak
 G - the +6 leather armour "Qiyvvi" (worn) {MR++ SInv Stlth++}
   (You found it in the Dungeon)

   It affects your resistance to hostile enchantments.
   It enhances your eyesight.
   It makes you much more stealthy.
 N - a +1 wizard hat (worn)
 O - a +1 cloak of darkness (worn)
Magical devices
 m - a wand of cold (7)
Comestibles
 q - 40 strawberries
 x - 2 bread rations
 z - 12 meat rations
Scrolls
 i - 3 scrolls of blinking
 k - 2 scrolls of remove curse
 p - a scroll of identify
 t - a scroll of enchant weapon II
 v - 2 scrolls of fear
 w - 3 scrolls of recharging
 H - 7 scrolls of enchant armour
 S - a scroll of enchant weapon III
Jewellery
 b - a +5,+3 ring of slaying (left hand)
 c - an amulet of clarity (around neck)
 l - a +6 ring of dexterity
 n - a +2 ring of protection
 o - a +2 ring of evasion (right hand)
 B - an uncursed ring of protection from magic
 C - an uncursed ring of protection from magic
 D - an uncursed ring of protection from fire
 E - an uncursed ring of protection from magic
 I - a +6 ring of intelligence
 J - a +6 ring of intelligence
 K - a +3,+0 ring of slaying
 L - a +4 ring of protection
Potions
 d - 3 potions of curing
 e - 2 potions of heal wounds
 g - a potion of magic
 j - a potion of invisibility
 r - a potion of restore abilities
 s - a potion of brilliance
 R - 2 potions of agility


   Skills:
 + Level 24.3 Fighting
 + Level 14.1 Long Blades
 - Level 17.6 Maces & Flails
 + Level 26.4 Armour
 - Level 1.1 Dodging
 + Level 23.1 Invocations


You had 14 spell levels left.
You didn't know any spells.

Dungeon Overview and Level Annotations

Branches:
Dungeon (1/1)

Altars:
Ashenzari
Cheibriados
Elyvilon
Fedhas
Kikubaaqudgha
Makhleb
Nemelex Xobeh
Okawaru
Sif Muna
Trog
Vehumet
Xom
Yredelemnul
Zin
the Shining One

Shops:
D *=!(

Annotations:
D Jory, Nikola


Innate Abilities, Weirdness & Mutations

You reflexively headbutt those who attack you in melee.
You have a pair of horns on your head.


Message History

Your profane servitor hits Jory with a glowing demon whip!
Your profane servitor misses Jory.
You slice Nikola!! Your headbutt misses Nikola.
Nikola is heavily wounded.
Nikola closely misses you. You furiously retaliate!
You headbutt Nikola.
Your profane servitor hits Jory with a glowing demon whip.
Your profane servitor hits Jory with a glowing demon whip!
Jory hits your profane servitor with a great mace.
Jory bites your profane servitor but does no damage.
Nikola mumbles, "Hm, I wonder if you're conductive."
Nikola hits you but does no damage.
You hit Nikola.
Nikola is severely wounded.
Nikola mumbles some strange words.
You hear a mighty clap of thunder!
The lightning arc hits you!
* * * LOW HITPOINT WARNING * * *
The lightning arc hits Nikola.
The lightning arc hits you!
You die...
Your body rises from the dead as a mindless zombie.

##################
.#.z%#...#...#)AV#
.#.#%#)#)#.#.#)#.#
.#p#%#.#.#.#.#z#D#
.#.#%#Z#)#.#.#D#z#
.#W#%#(#(#.#.#'#@#
.#.#%#(#)#.#.#A#@#
.#p#%#.#)#.#.#[#.#
.#.#%#.#)#[#.#.#.#
.#%#%#.#)#.#.#.#.#
.#.#%#'#z#.#.#[#.#
.#.#%#Z#.#[#.#)#.#
.#.#%#.#.#.#.#)#.#
.#'#%#(#.#.#.#)#.#


You could see Nikola, Jory, a friendly bone dragon, a friendly profane servitor
and a friendly ghoul skeleton.

Vanquished Creatures
  Boris (D)
  Norris (D)
  Mara (D)
  Mennas (D)
  A lich (D)
  A vault warden (D)
  An emperor scorpion (D)
  4 greater nagas (D)
  A stone giant (D)
  3 merfolk javelineers (D)
  3 yaktaur captains (D)
  A dragon (D)
  A siren (D)
  6 ogre magi (D)
  An ice dragon (D)
  7 merfolk aquamancers (D)
  An alligator (D)
  7 hydras (D)
  2 naga warriors (D)
  An orc high priest (D)
  A centaur warrior (D)
  4 hell knights (D)
  A skeletal warrior (D)
  A sea snake (D)
  A deep troll (D)
  2 necromancers (D)
  3 hill giants (D)
  6 swamp dragons (D)
  An ironbrand convoker (D)
  An orc sorcerer (D)
  4 orc knights (D)
  2 griffons (D)
  A wolf spider (D)
  A harpy (shapeshifter) (D)
  A red wasp (D)
  2 cyclopes (D)
  A guardian serpent (D)
  A black mamba (D)
  An eye of devastation (D)
  A demonic crawler (D)
  3 naga magi (D)
  A yaktaur (shapeshifter) (D)
  A mermaid (D)
  3 trolls (D)
  3 jumping spiders (D)
  2 tarantellas (D)
  An ugly thing (D)
  3 trapdoor spiders (D)
  A fire elemental (D)
  A vampire mosquito (D)
  Grum (D)
  2 rock worms (D)
  A human zombie (D)
  5 wolves (D)
  3 hippogriffs (D)
  2 merfolk (D)
  A manticore (D)
  2 hell hounds (D)
  A porcupine (D)
  A swamp drake (D)
  2 nagas (D)
  A phantom (D)
  5 orc warriors (D)
  2 wargs (D)
  2 giant slugs (D)
  4 water moccasins (D)
  An eye of draining (D)
  A killer bee (D)
  A crimson imp (D)
  A goliath beetle (D)
  A hound (D)
  An orc wizard (D)
  A sheep (D)
  A boggart (D)
  2 orc zombies (D)
  3 adders (D)
  A giant gecko (D)
  2 orcs (D)
  3 bats (D)
  A bat zombie (D)
  A giant mite zombie (D)
  A hobgoblin (D)
  A giant newt zombie (D)
  A goblin (D)
  A goblin zombie (D)
  A jackal (D)
  3 kobolds (D)
  A kobold skeleton (D)
  A kobold zombie (D)
166 creatures vanquished.

Vanquished Creatures (collateral kills)
  Margery (D)
  An illusory Mara (D)
  Ilsuiw (D)
  A vault warden (D)
  A ghoul (D)
  2 ghost moths (D)
  4 emperor scorpions (D)
  2 greater nagas (D)
  A stone giant (D)
  An ettin (D)
  2 merfolk impalers (D)
  An ogre mage (D)
  2 hydras (D)
  An alligator (D)
  A centaur warrior (D)
  A skeletal warrior (D)
  A wolf spider (D)
  A deep troll (D)
  A swamp dragon (D)
  4 hill giants (D)
  An orc knight (D)
  A crystal golem (D)
  A griffon (D)
  A human zombie (D)
  2 moths of wrath (D)
  A porcupine (D)
  An orange demon (D)
  A sea snake zombie (D)
  A black mamba (D)
  6 orc warriors (D)
  A blink frog (D)
  A snapping turtle (D)
  An ice dragon zombie (D)
  A redback (D)
  3 ugly things (D)
  2 yaks (D)
  2 wolves (D)
  An orc zombie (D)
  A crocodile (D)
  An ogre (D)
  2 giant frogs (D)
  2 water moccasins (D)
  A vampire mosquito zombie (D)
  A giant slug zombie (D)
  A cyclops zombie (D)
  A hippogriff zombie (D)
  An orc priest (D)
  2 orc wizards (D)
  An adder (D)
  A giant gecko (D)
  6 orcs (D)
  2 quokkas (D)
  2 bats (D)
  A giant gecko zombie (D)
  A rat (D)
85 creatures vanquished.

Vanquished Creatures (others)
  2 profane servitors (D)
  6 bone dragons (D)
  5 ghouls (D)
  A spectral human (D)
  6 death cobs (D)
  6 skeletal warriors (D)
  2 human skeletons (D)
  2 orc knights (D)
  6 flayed ghosts (D)
  5 flaming corpses (D)
  A human zombie (D)
  5 phantasmal warriors (D)
  A naga zombie (D)
  A demonic crawler zombie (D)
  A centaur zombie (D)
  A ghoul skeleton (D)
  3 hydra zombies (D)
  A red wasp zombie (D)
  A tarantella zombie (D)
  An ettin zombie (D)
  An alligator zombie (D)
  A jumping spider zombie (D)
  A dragon zombie (D)
  10 flying skulls (D)
  An ugly thing zombie (D)
  3 wraiths (D)
  2 deep troll zombies (D)
  3 swamp dragon zombies (D)
  2 freezing wraiths (D)
  A blink frog zombie (D)
  2 porcupine zombies (D)
  2 wolf zombies (D)
  A giant slug zombie (D)
  3 troll zombies (D)
  A yak zombie (D)
  3 wights (D)
  A giant frog zombie (D)
  2 water moccasin zombies (D)
  A warg zombie (D)
  5 ogre zombies (D)
  A swamp drake zombie (D)
  9 orc zombies (D)
  A goliath beetle zombie (D)
  A sheep zombie (D)
  4 adder zombies (D)
  A bat zombie (D)
  A jackal zombie (D)
  A quokka zombie (D)
  2 fungi (D)
  A plant (D)
125 creatures vanquished.

Grand Total: 376 creatures vanquished

Notes
Turn   | Place    | Note
--------------------------------------------------------------
     0 | D        | MDvedh, the Minotaur Death Knight, began the quest for the Orb.
     0 | D        | Reached XP level 1. HP: 17/17 MP: 2/2
     9 | D        | Reached skill level 3 in Maces & Flails
    12 | D        | Acquired Yredelemnul's second power
    12 | D        | Reached skill level 4 in Maces & Flails
    76 | D        | Noticed a crimson imp
    79 | D        | Killed a crimson imp
    79 | D        | Reached skill level 8 in Maces & Flails
    79 | D        | Reached XP level 2. HP: 22/24 MP: 2/2
    79 | D        | Reached XP level 3. HP: 26/29 MP: 4/4
    83 | D        | Acquired Yredelemnul's third power
   129 | D        | Found a radiant altar of Vehumet.
   129 | D        | Found a shattered altar of Ashenzari.
   129 | D        | Found a glowing golden altar of the Shining One.
   129 | D        | Found a basalt altar of Yredelemnul.
   129 | D        | Found an ancient bone altar of Kikubaaqudgha.
   129 | D        | Found a shimmering altar of Xom.
   129 | D        | Found a deep blue altar of Sif Muna.
   130 | D        | Found an iron altar of Okawaru.
   131 | D        | Found a sparkling altar of Nemelex Xobeh.
   132 | D        | Found a shimmering altar of Xom.
   133 | D        | Found a burning altar of Makhleb.
   134 | D        | Found a white marble altar of Elyvilon.
   135 | D        | Found a bloodstained altar of Trog.
   136 | D        | Found a snail-covered altar of Cheibriados.
   137 | D        | Found a deep blue altar of Sif Muna.
   138 | D        | Found a blossoming altar of Fedhas.
   139 | D        | Found a glowing silver altar of Zin.
   170 | D        | Noticed an eye of draining
   170 | D        | Noticed a hound
   170 | D        | Noticed a goliath beetle
   178 | D        | Killed a goliath beetle
   178 | D        | Reached skill level 10 in Maces & Flails
   178 | D        | Reached XP level 4. HP: 37/37 MP: 0/4
   181 | D        | Killed a hound
   181 | D        | Acquired Yredelemnul's fourth power
   181 | D        | Reached skill level 11 in Maces & Flails
   184 | D        | Killed an eye of draining
   184 | D        | Reached skill level 12 in Maces & Flails
   184 | D        | Reached XP level 5. HP: 42/42 MP: 0/5
   249 | D        | Noticed a troll
   249 | D        | Noticed a yak
   249 | D        | Noticed an ogre
   249 | D        | Noticed a phantom
   249 | D        | Noticed a troll
   266 | D        | Killed a troll
   266 | D        | Reached skill level 13 in Maces & Flails
   266 | D        | Reached XP level 6. HP: 21/49 MP: 5/10
   266 | D        | Received a gift from Yredelemnul
   283 | D        | Killed a phantom
   289 | D        | Killed an ogre
   289 | D        | Reached skill level 14 in Maces & Flails
   289 | D        | Reached XP level 7. HP: 9/56 MP: 4/11
   303 | D        | Killed a yak
   304 | D        | Received a gift from Yredelemnul
   326 | D        | Killed a troll
   586 | D        | Noticed a giant frog
   586 | D        | Noticed a yak
   587 | D        | Noticed a blink frog
   591 | D        | Killed a yak
   594 | D        | Acquired Yredelemnul's fifth power
   600 | D        | Received a gift from Yredelemnul
   613 | D        | Killed a giant frog
   614 | D        | Received a gift from Yredelemnul
   615 | D        | Reached skill level 15 in Maces & Flails
   617 | D        | Killed a blink frog
   617 | D        | Reached XP level 8. HP: 62/62 MP: 13/15
   640 | D        | Noticed a porcupine
   640 | D        | Noticed a crocodile
   640 | D        | Noticed a porcupine
   640 | D        | Noticed a six-headed hydra
   640 | D        | Noticed a wolf
   643 | D        | Killed a wolf
   643 | D        | Reached skill level 10 in Armour
   670 | D        | Killed a six-headed hydra
   670 | D        | Reached skill level 16 in Maces & Flails
   670 | D        | Reached skill level 10 in Invocations
   674 | D        | Received a gift from Yredelemnul
   676 | D        | Killed a porcupine
   684 | D        | Killed a crocodile
   689 | D        | Killed a porcupine
   689 | D        | Reached XP level 9. HP: 21/68 MP: 17/19
   690 | D        | Received a gift from Yredelemnul
   690 | D        | Noticed a griffon
   698 | D        | Killed a griffon
   709 | D        | Noticed a giant frog
   716 | D        | Killed a giant frog
   923 | D        | Noticed a warg
   923 | D        | Noticed a hell hound
   923 | D        | Noticed a wolf
   923 | D        | Noticed a wolf
   923 | D        | Noticed a wolf
   923 | D        | Noticed a hell hound
   923 | D        | Noticed a warg
   929 | D        | Killed a hell hound
   932 | D        | Killed a warg
   933 | D        | Noticed a wolf
   942 | D        | Killed a hell hound
   952 | D        | Killed a wolf
   952 | D        | Reached skill level 17 in Maces & Flails
   954 | D        | Killed a wolf
   954 | D        | Received a gift from Yredelemnul
   964 | D        | Killed a wolf
   968 | D        | Killed a warg
   968 | D        | Received a gift from Yredelemnul
   981 | D        | Killed a wolf
  1310 | D        | Noticed an orc wizard
  1310 | D        | Noticed an orc priest
  1310 | D        | Noticed an orc wizard
  1311 | D        | Killed an orc wizard
  1322 | D        | Killed an orc priest
  1323 | D        | Received a gift from Yredelemnul
  1324 | D        | Killed an orc wizard
  1343 | D        | Killed an orc warrior
  1362 | D        | Killed an orc warrior
  1363 | D        | Received a gift from Yredelemnul
  1406 | D        | Killed an orc wizard
  1600 | D        | Noticed an orc warrior
  1607 | D        | Killed an orc warrior
  1607 | D        | Received a gift from Yredelemnul
  1643 | D        | Noticed an orc warrior
  1643 | D        | Noticed an orc warrior
  1643 | D        | Noticed an orc warrior
  1643 | D        | Noticed an orc warrior
  1643 | D        | Noticed an orc warrior
  1650 | D        | Noticed an orc high priest
  1652 | D        | Noticed a sixfirhy
  1658 | D        | Killed an orc warrior
  1664 | D        | Killed an orc warrior
  1705 | D        | Noticed an orc warrior
  1707 | D        | Killed an orc warrior
  1707 | D        | Received a gift from Yredelemnul
  1708 | D        | Killed an orc warrior
  1708 | D        | Reached XP level 10. HP: 75/77 MP: 3/22
  1711 | D        | Killed an orc warrior
  1760 | D        | Killed an orc high priest
  1760 | D        | Reached skill level 5 in Fighting
  1766 | D        | Killed an orc warrior
  1766 | D        | Received a gift from Yredelemnul
  1770 | D        | Noticed an orc sorcerer
  1783 | D        | Killed an orc sorcerer
  1881 | D        | Noticed an orc warrior
  1888 | D        | Killed an orc warrior
  1888 | D        | Received a gift from Yredelemnul
  1903 | D        | Noticed an orc warrior
  1915 | D        | Killed an orc warrior
  1915 | D        | Received a gift from Yredelemnul
  2008 | D        | Found Oggipong's Antique Weapon Boutique.
  2008 | D        | Noticed a troll
  2008 | D        | Noticed an ogre mage
  2008 | D        | Noticed an ogre mage
  2008 | D        | Noticed an ogre mage
  2008 | D        | Noticed a hill giant
  2008 | D        | Noticed an ogre mage
  2010 | D        | Noticed a deep troll
  2013 | D        | Killed a troll
  2013 | D        | Reached skill level 15 in Armour
  2014 | D        | Killed an ogre mage
  2014 | D        | Killed an ogre mage
  2014 | D        | Killed an ogre mage
  2014 | D        | Received a gift from Yredelemnul
  2014 | D        | Received a gift from Yredelemnul
  2015 | D        | Found Kuaguapt's Distillery.
  2016 | D        | Noticed an ogre mage
  2018 | D        | Killed a hill giant
  2018 | D        | Reached skill level 10 in Fighting
  2018 | D        | Reached XP level 11. HP: 67/93 MP: 11/25
  2019 | D        | Killed an ogre mage
  2023 | D        | Killed a deep troll
  2024 | D        | Found Peffulewk's Jewellery Boutique.
  2031 | D        | Killed an ogre mage
  2032 | D        | Received a gift from Yredelemnul
  2052 | D        | Found Wumutequpp's Assorted Antiques.
  2054 | D        | Noticed a hill giant
  2055 | D        | Noticed a deep troll
  2056 | D        | Noticed a hill giant
  2057 | D        | Noticed a hill giant
  2058 | D        | Noticed a hill giant
  2065 | D        | Killed a hill giant
  2070 | D        | Killed a deep troll
  2070 | D        | Reached skill level 15 in Invocations
  2079 | D        | Killed a hill giant
  2083 | D        | Killed a hill giant
  2099 | D        | Killed a hill giant
  2215 | D        | Bought a +5,+3 ring of slaying for 1072 gold pieces
  2215 | D        | Bought an uncursed amulet of clarity for 260 gold pieces
  2218 | D        | Bought a potion of curing for 52 gold pieces
  2218 | D        | Bought a potion of curing for 52 gold pieces
  2243 | D        | Noticed Grum
  2243 | D        | Noticed a wolf
  2243 | D        | Noticed a wolf
  2246 | D        | Killed a wolf
  2246 | D        | Received a gift from Yredelemnul
  2246 | D        | Received a gift from Yredelemnul
  2251 | D        | Killed a wolf
  2257 | D        | Killed Grum
  2384 | D        | Identified the +6 leather armour "Qiyvvi" {MR++ SInv Stlth++} (You found it in the Dungeon)
  2431 | D        | Noticed a killer bee
  2431 | D        | Noticed a rock worm
  2431 | D        | Noticed a dragon
  2431 | D        | Noticed a manticore
  2431 | D        | Noticed a hill giant
  2431 | D        | Noticed a griffon
  2434 | D        | Killed a killer bee
  2435 | D        | Killed a rock worm
  2436 | D        | Noticed a harpy
  2436 | D        | Killed a manticore
  2438 | D        | Noticed a five-headed hydra
  2439 | D        | Killed a griffon
  2440 | D        | Noticed a centaur warrior
  2442 | D        | Killed a hill giant
  2447 | D        | Killed a dragon
  2447 | D        | Reached skill level 18 in Armour
  2451 | D        | Killed a harpy
  2457 | D        | Killed a five-headed hydra
  2459 | D        | Killed a centaur warrior
  2777 | D        | Noticed a giant slug
  2778 | D        | Noticed a cyclops
  2779 | D        | Noticed an eye of devastation
  2780 | D        | Noticed a six-headed hydra
  2790 | D        | Killed a giant slug
  2793 | D        | Killed a cyclops
  2793 | D        | Received a gift from Yredelemnul
  2800 | D        | Killed an eye of devastation
  2800 | D        | Reached XP level 12. HP: 107/107 MP: 27/27
  2805 | D        | Killed a six-headed hydra
  3004 | D        | Noticed a water moccasin
  3004 | D        | Noticed an alligator
  3004 | D        | Noticed a six-headed hydra
  3004 | D        | Noticed a water moccasin
  3004 | D        | Noticed an alligator
  3005 | D        | Noticed a seven-headed hydra
  3007 | D        | Noticed a water moccasin
  3015 | D        | Killed an alligator
  3015 | D        | Reached skill level 19 in Armour
  3017 | D        | Killed a water moccasin
  3023 | D        | Killed a six-headed hydra
  3026 | D        | Killed an alligator
  3026 | D        | Reached skill level 15 in Fighting
  3027 | D        | Received a gift from Yredelemnul
  3028 | D        | Killed a water moccasin
  3031 | D        | Killed a seven-headed hydra
  3032 | D        | Killed a water moccasin
  3033 | D        | Received a gift from Yredelemnul
  3248 | D        | Noticed a merfolk
  3248 | D        | Noticed a siren
  3248 | D        | Noticed a hippogriff
  3248 | D        | Noticed a hippogriff
  3248 | D        | Noticed a snapping turtle
  3248 | D        | Noticed a merfolk
  3248 | D        | Noticed a mermaid
  3252 | D        | Noticed a sea snake
  3255 | D        | Killed a mermaid
  3256 | D        | Noticed a hippogriff
  3258 | D        | Killed a merfolk
  3258 | D        | Received a gift from Yredelemnul
  3261 | D        | Killed a snapping turtle
  3262 | D        | Killed a hippogriff
  3264 | D        | Killed a hippogriff
  3268 | D        | Killed a siren
  3270 | D        | Killed a merfolk
  3272 | D        | Killed a sea snake
  3272 | D        | Received a gift from Yredelemnul
  3275 | D        | Killed a hippogriff
  3282 | D        | Noticed a red wasp
  3282 | D        | Noticed a jumping spider
  3282 | D        | Noticed a wolf spider
  3282 | D        | Noticed a tarantella
  3282 | D        | Noticed a demonic crawler
  3283 | D        | Noticed a tarantella
  3283 | D        | Noticed a trapdoor spider
  3283 | D        | Noticed a trapdoor spider
  3293 | D        | Killed a wolf spider
  3293 | D        | Received a gift from Yredelemnul
  3304 | D        | Killed a jumping spider
  3307 | D        | Killed a demonic crawler
  3308 | D        | Killed a trapdoor spider
  3310 | D        | Killed a tarantella
  3312 | D        | Killed a trapdoor spider
  3314 | D        | Paralysed by a red wasp for 1 turns
  3317 | D        | Killed a red wasp
  3317 | D        | Reached skill level 20 in Armour
  3318 | D        | Killed a tarantella
  3535 | D        | Noticed a trapdoor spider
  3536 | D        | Killed a trapdoor spider
  3538 | D        | Noticed a black mamba
  3538 | D        | Noticed a water moccasin
  3538 | D        | Noticed a water moccasin
  3538 | D        | Noticed a naga warrior
  3539 | D        | Noticed a water moccasin
  3546 | D        | Killed a naga warrior
  3549 | D        | Killed a black mamba
  3549 | D        | Received a gift from Yredelemnul
  3549 | D        | Received a gift from Yredelemnul
  3550 | D        | Killed a water moccasin
  3550 | D        | Killed a water moccasin
  3550 | D        | Killed a water moccasin
  3551 | D        | Noticed a black mamba
  3557 | D        | Killed a black mamba
  3558 | D        | Received a gift from Yredelemnul
  4039 | D        | Noticed an orc knight
  4039 | D        | Noticed an orc knight
  4039 | D        | Noticed a yaktaur captain
  4039 | D        | Noticed a fire elemental
  4039 | D        | Noticed an orc knight
  4039 | D        | Noticed a cyclops
  4040 | D        | Noticed a manticore
  4044 | D        | Noticed an orc knight
  4045 | D        | a manticore changed into a giant slug
  4047 | D        | Killed a cyclops
  4051 | D        | Killed an orc knight
  4051 | D        | Received a gift from Yredelemnul
  4052 | D        | Noticed a lich
  4057 | D        | Noticed a stone giant
  4057 | D        | Killed a fire elemental
  4060 | D        | Killed a yaktaur captain
  4060 | D        | Received a gift from Yredelemnul
  4068 | D        | Noticed a yaktaur captain
  4069 | D        | Killed an orc knight
  4069 | D        | Killed an orc knight
  4070 | D        | Received a gift from Yredelemnul
  4070 | D        | Noticed an orc knight
  4071 | D        | Noticed an ogre mage
  4083 | D        | Killed an orc knight
  4088 | D        | Noticed an ogre mage
  4092 | D        | Killed a lich
  4092 | D        | Reached XP level 13. HP: 110/121 MP: 9/29
  4093 | D        | Noticed a skeletal warrior
  4096 | D        | Noticed a giant slug
  4097 | D        | Killed a stone giant
  4097 | D        | Reached skill level 21 in Armour
  4097 | D        | Received a gift from Yredelemnul
  4098 | D        | Killed an ogre mage
  4101 | D        | Killed a yaktaur captain
  4101 | D        | Received a gift from Yredelemnul
  4102 | D        | Noticed a yaktaur captain
  4103 | D        | Killed an orc knight
  4108 | D        | Killed an ogre mage
  4121 | D        | Killed a skeletal warrior
  4126 | D        | Killed a giant slug
  4126 | D        | Received a gift from Yredelemnul
  4137 | D        | Killed a yaktaur captain
  4343 | D        | Noticed an orc knight
  4343 | D        | Noticed an ice dragon
  4343 | D        | Noticed a hill giant
  4343 | D        | Noticed a vault warden
  4343 | D        | Noticed a vampire mosquito
  4344 | D        | Noticed a red ugly thing
  4346 | D        | Noticed a rock worm
  4347 | D        | Killed a vampire mosquito
  4348 | D        | Noticed an orc knight
  4360 | D        | Noticed a griffon
  4361 | D        | Killed a vault warden
  4361 | D        | Received a gift from Yredelemnul
  4362 | D        | Noticed a necromancer
  4368 | D        | Killed a hill giant
  4373 | D        | Killed an ice dragon
  4378 | D        | Noticed a centaur warrior
  4379 | D        | Killed an orc knight
  4379 | D        | Reached skill level 22 in Armour
  4383 | D        | Noticed an ironbrand convoker
  4383 | D        | Killed a red ugly thing
  4385 | D        | Killed a rock worm
  4389 | D        | Killed an orc knight
  4389 | D        | Received a gift from Yredelemnul
  4394 | D        | Killed a griffon
  4395 | D        | Killed a necromancer
  4396 | D        | Noticed a crystal golem
  4399 | D        | Killed a centaur warrior
  4400 | D        | Noticed a cyan ugly thing
  4402 | D        | Killed an ironbrand convoker
  4403 | D        | Noticed a vault warden
  4410 | D        | Noticed an ettin
  4417 | D        | Noticed a stone giant
  4418 | D        | Killed a crystal golem
  4419 | D        | Received a gift from Yredelemnul
  4422 | D        | Killed a cyan ugly thing
  4425 | D        | Noticed a brown ugly thing
  4429 | D        | Killed a vault warden
  4432 | D        | Killed an ettin
  4443 | D        | Killed a stone giant
  4449 | D        | Killed a green ugly thing
  4451 | D        | Killed a green ugly thing
  4738 | D        | Noticed Norris
  4738 | D        | Noticed Margery
  4738 | D        | Noticed a hell knight
  4738 | D        | Noticed a hell knight
  4738 | D        | Noticed a hell knight
  4746 | D        | Killed a hell knight
  4746 | D        | Killed a hell knight
  4746 | D        | Received a gift from Yredelemnul
  4747 | D        | Killed a hell knight
  4748 | D        | Noticed a necromancer
  4749 | D        | Noticed a hell knight
  4750 | D        | Noticed Mara
  4757 | D        | Noticed Mara
  4757 | D        | Noticed Mara
  4759 | D        | Killed Margery
  4759 | D        | Reached skill level 23 in Armour
  4761 | D        | Killed a necromancer
  4762 | D        | Killed a hell knight
  4769 | D        | Killed Norris
  4769 | D        | Reached XP level 14. HP: 129/136 MP: 2/32
  4769 | D        | Received a gift from Yredelemnul
  4775 | D        | Noticed MDvedh's illusion
  4797 | D        | Killed Mara
  4964 | D        | Noticed Mara
  4992 | D        | Killed a ghoul
  5286 | D        | Noticed Mara
  5286 | D        | Noticed Mara
  5307 | D        | Killed Mara
  5307 | D        | Reached skill level 24 in Armour
  5629 | D        | Noticed Boris
  5629 | D        | Noticed Frederick
  5650 | D        | Your ally Norris died
  5661 | D        | Your ally Margery died
  5703 | D        | Killed Boris
  5832 | D        | Killed Frederick
  5832 | D        | Enslaved Frederick
  6097 | D        | Noticed Ilsuiw
  6097 | D        | Noticed a merfolk aquamancer
  6097 | D        | Noticed a merfolk aquamancer
  6097 | D        | Noticed a merfolk aquamancer
  6097 | D        | Noticed a merfolk aquamancer
  6097 | D        | Noticed a merfolk aquamancer
  6097 | D        | Noticed a merfolk javelineer
  6098 | D        | Noticed a merfolk javelineer
  6099 | D        | Noticed a merfolk aquamancer
  6101 | D        | Killed a merfolk aquamancer
  6101 | D        | Killed a merfolk aquamancer
  6101 | D        | Reached skill level 5 in Long Blades
  6103 | D        | Noticed a merfolk impaler
  6104 | D        | Noticed a merfolk javelineer
  6104 | D        | Killed a merfolk aquamancer
  6106 | D        | Killed a merfolk aquamancer
  6106 | D        | Killed a merfolk aquamancer
  6106 | D        | Killed a merfolk aquamancer
  6106 | D        | Killed a merfolk javelineer
  6106 | D        | Received a gift from Yredelemnul
  6106 | D        | Received a gift from Yredelemnul
  6107 | D        | Noticed a merfolk aquamancer
  6108 | D        | Killed Ilsuiw
  6109 | D        | Noticed a merfolk impaler
  6117 | D        | Killed a merfolk aquamancer
  6127 | D        | Killed a merfolk javelineer
  6135 | D        | Killed a merfolk javelineer
  6135 | D        | Received a gift from Yredelemnul
  6143 | D        | Killed a merfolk impaler
  6150 | D        | Killed a merfolk impaler
  6151 | D        | Received a gift from Yredelemnul
  6151 | D        | Received a gift from Yredelemnul
  6151 | D        | Received a gift from Yredelemnul
  6601 | D        | Noticed a five-headed hydra
  6601 | D        | Noticed a swamp dragon
  6601 | D        | Noticed a swamp dragon
  6601 | D        | Noticed a swamp dragon
  6601 | D        | Noticed an eight-headed hydra
  6601 | D        | Noticed a seven-headed hydra
  6605 | D        | Killed a swamp dragon
  6606 | D        | Killed a five-headed hydra
  6606 | D        | Reached skill level 25 in Armour
  6606 | D        | Killed a swamp dragon
  6606 | D        | Killed a swamp dragon
  6606 | D        | Killed an eight-headed hydra
  6606 | D        | Killed a seven-headed hydra
  6606 | D        | Reached skill level 10 in Long Blades
  6606 | D        | Received a gift from Yredelemnul
  6607 | D        | Noticed a swamp dragon
  6612 | D        | Noticed a swamp dragon
  6613 | D        | Noticed a four-headed hydra
  6614 | D        | Noticed a swamp dragon
  6625 | D        | Got a barnacled rune of Zot
  6625 | D        | Killed a swamp dragon
  6631 | D        | Noticed a swamp dragon
  6632 | D        | Noticed a swamp drake
  6636 | D        | Killed a swamp dragon
  6636 | D        | Received a gift from Yredelemnul
  6640 | D        | Killed a four-headed hydra
  6645 | D        | Killed a swamp dragon
  6649 | D        | Killed a swamp dragon
  6649 | D        | Received a gift from Yredelemnul
  6652 | D        | Killed a swamp drake
  6658 | D        | Got a decaying rune of Zot
  6760 | D        | Noticed a ghost moth
  6760 | D        | Noticed an emperor scorpion
  6760 | D        | Noticed an emperor scorpion
  6760 | D        | Noticed a redback
  6760 | D        | Noticed a moth of wrath
  6760 | D        | Noticed a ghost moth
  6760 | D        | Noticed an emperor scorpion
  6761 | D        | Noticed a wolf spider
  6779 | D        | Killed an emperor scorpion
  6780 | D        | Received a gift from Yredelemnul
  6785 | D        | Killed a ghost moth
  6787 | D        | Killed a moth of wrath
  6809 | D        | Killed an emperor scorpion
  6810 | D        | Received a gift from Yredelemnul
  6823 | D        | Killed an emperor scorpion
  6824 | D        | Killed a redback
  6835 | D        | Killed a ghost moth
  6835 | D        | Reached XP level 15. HP: 36/149 MP: 0/34
  6841 | D        | Killed a wolf spider
  7084 | D        | Noticed a jumping spider
  7085 | D        | Noticed a moth of wrath
  7086 | D        | Noticed an emperor scorpion
  7087 | D        | Noticed an emperor scorpion
  7088 | D        | Noticed a jumping spider
  7092 | D        | Killed a jumping spider
  7094 | D        | Killed a moth of wrath
  7096 | D        | Killed a jumping spider
  7101 | D        | Killed an emperor scorpion
  7114 | D        | Your ally Frederick died
  7119 | D        | Killed an emperor scorpion
  7127 | D        | Got a gossamer rune of Zot
  7432 | D        | Noticed a greater naga
  7432 | D        | Noticed a naga mage
  7432 | D        | Noticed a greater naga
  7432 | D        | Noticed a greater naga
  7432 | D        | Noticed a greater naga
  7432 | D        | Noticed a greater naga
  7432 | D        | Noticed a greater naga
  7433 | D        | Noticed a naga mage
  7437 | D        | Killed a greater naga
  7443 | D        | Noticed a naga mage
  7443 | D        | Killed a greater naga
  7444 | D        | Noticed a naga
  7447 | D        | Killed a naga
  7447 | D        | Killed a naga mage
  7447 | D        | Killed a naga mage
  7447 | D        | Killed a naga mage
  7447 | D        | Killed a greater naga
  7447 | D        | Reached skill level 26 in Armour
  7447 | D        | Received a gift from Yredelemnul
  7448 | D        | Noticed a naga
  7448 | D        | Killed a naga
  7448 | D        | Killed a greater naga
  7449 | D        | Killed a greater naga
  7451 | D        | Killed a greater naga
  7453 | D        | Noticed a naga warrior
  7454 | D        | Noticed a guardian serpent
  7463 | D        | Killed a naga warrior
  7463 | D        | Received a gift from Yredelemnul
  7468 | D        | Killed a guardian serpent
  7475 | D        | Noticed Mennas
  7475 | D        | Noticed Nikola
  7475 | D        | Noticed Jory
  7535 | D        | Killed Mennas
  7535 | D        | Received a gift from Yredelemnul
  7535 | D        | Received a gift from Yredelemnul
  7890 | D        | HP: 4/151 [Nikola/chain lightning (46)]
  7890 | D        | Killed from afar by Nikola

Action                   |  1- 3 |  4- 6 |  7- 9 | 10-12 | 13-15 || total
-------------------------+-------+-------+-------+-------+-------++-------
Melee: Mace              |    20 |    34 |     4 |       |       ||    58
       Morningstar       |       |       |    78 |    63 |       ||   141
       Dire flail        |       |       |       |   149 |   176 ||   325
       Great sword       |       |       |       |       |    62 ||    62
Invok: Animate Dead      |       |     2 |     6 |    13 |     8 ||    29
       Recall Undead Sla |       |       |     3 |     6 |     8 ||    17
       Drain Life        |       |       |     3 |    22 |    34 ||    59
       Enslave Soul      |       |       |       |       |     1 ||     1
 Abil: Evoke Invisibilit |       |       |       |       |     1 ||     1
  Use: Potion            |     1 |     2 |     2 |     3 |    17 ||    25
 Stab: Sleeping          |       |       |       |     1 |     2 ||     3
